 Dungeon Crawl Stone Soup version 0.24-a0-537-g2d01d4ab0a (webtiles) character file.

Game seed: 18074684222724422041

987 Mithandil the Conjurer (level 8, -4/45 HPs)
             Began as a Tengu Conjurer on Aug 13, 2019.
             Killed by divine providence
             ... invoked by an orc priest
              (10 damage)
             ... on level 5 of the Dungeon.
             The game lasted 00:31:03 (6074 turns).

Mithandil the Conjurer (Tengu Conjurer)             Turns: 6074, Time: 00:31:04

Health: -4/45      AC: 12    Str: 10    XL:     8   Next: 18%
Magic:  3/15       EV: 30    Int: 17    God:
Gold:   286        SH:  0    Dex: 14    Spells: 4/15 levels left

rFire    . . .     SeeInvis .   a - +4 quarterstaff (chaos)
rCold    . . .     Gourm    .   (shield currently unavailable)
rNeg     . . .     Faith    .   i - +2 leather armour
rPois    .         Spirit   .   q - +0 hat
rElec    .         Reflect  .   x - +1 cloak
rCorr    .         Harm     .   j - +0 pair of gloves
MR       .....                  (boots unavailable)
Stlth    ++........             u - amulet of the acrobat
HPRegen  0.15/turn              (no ring)
MPRegen  0.14/turn              (no ring)

@: acrobat, flying quickly and evasively, very slightly contaminated, quick
A: beak, talons 3, iridescent scales 1, slimy green scales 1, able to fly
a: Stop Flying


You were on level 5 of the Dungeon.
You were not hungry.

You visited 2 branches of the dungeon, and saw 6 of its levels.

You collected 286 gold pieces.

Inventory:

Hand Weapons
 a - a +4 quarterstaff of chaos (weapon)
 b - a +0 spear
 g - a +0 war axe
 l - a +0 falchion
 t - a +0 hunting sling
 y - a +1 dagger of venom
Missiles
 e - 216 stones
 h - 26 sling bullets
 k - 7 poisoned darts (quivered)
 m - 5 curare-tipped darts
 o - 111 bolts
 s - 22 arrows
Armour
 d - a +0 large shield
 i - a +2 leather armour (worn)
 j - a +0 pair of gloves (worn)
 q - a +0 hat (worn)
 v - the +8 orange crystal plate armour {Archmagi, Int+3 Clar}
   (You found it on level 4 of the Dungeon)

   It affects your intelligence (+3).
   It protects you against confusion.
 w - a scarf of cloud immunity
 x - a +1 cloak (worn)
Jewellery
 f - an uncursed ring of ice {unknown}
 u - an amulet of the acrobat (around neck)
Wands
 r - a wand of random effects (19)
Scrolls
 p - 3 scrolls of teleportation
Potions
 n - 2 potions of curing
Comestibles
 c - 12 rations
 z - a chunk of flesh


   Skills:
 + Level 2.3 Fighting
 * Level 3.5(4.1) Polearms
 * Level 3.0(3.8) Staves
 + Level 3.6 Dodging
 + Level 3.5 Stealth
 + Level 2.0 Shields
 * Level 4.2 Spellcasting
 * Level 7.4 Conjurations
 + Level 0.6 Translocations


You had 4 spell levels left.
You knew the following spells:

 Your Spells              Type           Power        Failure   Level  Hunger
a - Magic Dart            Conj           ####         1%          1    None
b - Searing Ray           Conj           ####..       1%          2    ##.....
c - Force Lance           Conj/Tloc      ###.....     38%         4    ####...
d - Iskenderun's Mystic   Conj           ####....     10%         4    ####...

Your spell library contained the following spells:

 Spells                   Type           Power        Failure   Level  Hunger
 Dazzling Spray           Conj/Hex       ###...       14%         3    ###....
 Fulminant Prism          Conj/Hex       ###.......   41%         4    ####...


Dungeon Overview and Level Annotations

Branches:
Dungeon (5/15)             Temple (1/1) D:4

Altars:
Ashenzari
Cheibriados
Dithmenos
Elyvilon
Gozag
Kikubaaqudgha
Makhleb
Okawaru
Ru
Sif Muna
Trog
Uskayaw
Xom

Annotations:
D:4 Eustachio
D:5 Menkaure


Innate Abilities, Weirdness & Mutations

You have a beak for a mouth.
You have claws for feet.
You can fly continuously.
You are partially covered in iridescent scales. (AC +2)
You are partially covered in slimy green scales. (AC +2)


Message History

Pain shoots through your body!
An orc comes into view. It is wielding a +0 trident.
The orc wizard mumbles some strange words.
The orc wizard flickers and vanishes!
Deactivating autopickup; reactivate with Ctrl-A.
The orc priest calls down the wrath of Beogh upon you.
Beogh smites you!
You hear a shout!
Menkaure whispers, "Let me perform the rites..."
Menkaure calls on the powers of darkness!
Your body is wracked with pain!
Menkaure calls on the powers of darkness!
The orc priest convulses!
Your body is wracked with pain!
* * * LOW HITPOINT WARNING * * *
Menkaure calls on the powers of darkness!
The orc priest convulses!
Your body is wracked with pain!
* * * LOW HITPOINT WARNING * * *
The orc priest invokes the aid of Beogh against you.
Beogh smites you!
You die...

####.?..........###.#
#............#...
#................
#.....######.#.#####
##...........#.#...
#####.#####.).......# ##
#...................##.#
#...................#..#
#..........@...M.o.o..## .
########......#######..###..
#..⌠.÷.# #....ooo #......#
#..###o. #......# #.## )
###....# #.# ###### ###


You could see Menkaure and an orc priest.

Vanquished Creatures
  Grinder (D:4)
  Duvessa (D:4)
  A sky beast (D:5)
  Dowan (D:4)
  A scorpion (D:5)
  A howler monkey (D:5)
  Crazy Yiuf (D:3)
  A centaur skeleton (D:4)
  An orc wizard (D:5)
  An iguana (D:5)
  4 worker ants
  Robin (D:4)
  A worker ant zombie (D:5)
  8 gnolls
  5 adders
  An ooze (D:3)
  2 worms
  3 dart slugs (D:1)
  4 leopard geckos
  8 orcs
  5 bats
  6 giant cockroaches
  5 hobgoblins
  5 jackals
  3 quokkas
  3 frilled lizards
  15 goblins
  5 kobolds
  7 rats
101 creatures vanquished.

Notes
Turn   | Place    | Note
-------+----------+-------------------------------------------
     0 | D:1      | Mithandil the Tengu Conjurer began the quest for the Orb.
     0 | D:1      | Reached XP level 1. HP: 10/10 MP: 4/4
   155 | D:2      | Reached XP level 2. HP: 14/15 MP: 3/6
   159 | D:2      | Learned a level 2 spell: Searing Ray
   654 | D:1      | Reached XP level 3. HP: 20/20 MP: 3/7
  1478 | D:2      | Found a shimmering blue altar of Sif Muna.
  1478 | D:2      | Found an ancient bone altar of Kikubaaqudgha.
  1618 | D:2      | Reached skill level 1 in Fighting
  1618 | D:2      | Reached skill level 6 in Conjurations
  1618 | D:2      | Reached XP level 4. HP: 18/25 MP: 6/9
  2146 | D:2      | Found a shimmering altar of Xom.
  2465 | D:3      | Reached skill level 1 in Polearms
  2817 | D:4      | Gained mutation: You can fly continuously. [Tengu growth]
  2817 | D:4      | Reached XP level 5. HP: 16/29 MP: 6/10
  3254 | D:3      | Found a runed translucent door.
  3255 | D:3      | Noticed Crazy Yiuf
  3280 | D:3      | Killed Crazy Yiuf
  3533 | D:4      | Noticed Eustachio
  3576 | D:4      | Noticed Grinder
  3675 | D:4      | Paralysed by Grinder for 5 turns
  3876 | D:4      | Noticed Duvessa
  3918 | D:4      | Killed Grinder
  3918 | D:4      | Reached skill level 1 in Staves
  3918 | D:4      | Reached skill level 1 in Shields
  3918 | D:4      | Reached XP level 6. HP: 24/35 MP: 1/12
  3982 | D:4      | Reached XP level 7. HP: 23/39 MP: 0/13
  4177 | D:5      | Entered Level 5 of the Dungeon
  4212 | D:5      | Found an opulent altar of Gozag.
  4368 | D:4      | Found a staircase to the Ecumenical Temple.
  4378 | Temple   | Entered the Ecumenical Temple
  4725 | D:4      | Noticed Dowan
  4733 | D:4      | Killed Duvessa
  4733 | D:4      | Reached skill level 7 in Conjurations
  4738 | D:4      | Killed Dowan
  4904 | D:4      | Learned a level 4 spell: Force Lance
  4909 | D:4      | Learned a level 4 spell: Iskenderun's Mystic Blast
  5124 | D:4      | Found the +8 orange crystal plate armour {Archmagi, Int+3
                  | Clar}
  5181 | D:4      | Noticed Robin
  5206 | D:4      | Killed Robin
  5281 | D:4      | Gained mutation: You have a pair of small horns on your
                  | head. [potion of mutation]
  5281 | D:4      | Gained mutation: You possess an exceptional clarity of
                  | mind. [potion of mutation]
  5282 | D:4      | Lost mutation: You possess an exceptional clarity of mind.
                  | [potion of mutation]
  5282 | D:4      | Lost mutation: You have a pair of small horns on your head.
                  | [potion of mutation]
  5282 | D:4      | Gained mutation: Armour fits poorly on your strangely
                  | shaped body. [potion of mutation]
  5282 | D:4      | Gained mutation: You are partially covered in iridescent
                  | scales. (AC +2) [potion of mutation]
  5283 | D:4      | Lost mutation: Armour fits poorly on your strangely shaped
                  | body. [potion of mutation]
  5283 | D:4      | Gained mutation: Armour fits poorly on your strangely
                  | shaped body. [potion of mutation]
  5283 | D:4      | Lost mutation: Armour fits poorly on your strangely shaped
                  | body. [potion of mutation]
  5283 | D:4      | Gained mutation: You are partially covered in slimy green
                  | scales. (AC +2) [potion of mutation]
  5763 | D:5      | Reached XP level 8. HP: 14/44 MP: 11/15
  6052 | D:5      | Noticed Menkaure
  6074 | D:5      | Killed from afar by an orc priest

Levels and vault maps discovered:
D:1:      dpeg_arrival_simpleton_a, layout_basic
D:2:      layout_loops_corners, overflow_temple_1_default,
          amethyst_overflow_temple_binary, grunt_ministairs_6, st_stairs_3
D:3:      layout_loops_cross, uniq_crazy_yiuf_cottage
D:4:      layout_loops_ring, minmay_temple_entry_poolview,
          hangedman_abyss_or_decor_stagger, uniq_robin, uniq_duvessa,
          uniq_grinder, uniq_eustachio
D:5:      layout_rooms, marbit_many_paths, lemuel_crystal_altar,
          nicolae_gozag_seed_capital, lemuel_crystal_altar, first_ration,
          solitary_fountain, tgw_sif, uniq_menkaure
Temple:   compressed_dpeg_triangle_lava_temple

Skill      XL: |  1  2  3  4  5  6  7  8 |
---------------+-------------------------+-----
Fighting       | 1 2 |  2.3
Conjurations   | 6 7 |  7.4
Polearms       | 1 2 3 |  3.5
Spellcasting   | 3 4 |  4.2
Staves         | 1 2 3 |  3.0
Dodging        | 3 |  3.6
Stealth        | 3 |  3.5
Shields        | 1 2 |  2.0
Translocations | |  0.6

Action                   |  1- 3 |  4- 6 |  7- 9 || total
-------------------------+-------+-------+-------++-------
Melee: Dagger            |     9 |       |       ||     9
       Kick              |     3 |     4 |    14 ||    21
       Spear             |     7 |    13 |       ||    20
       Peck              |     1 |     4 |     5 ||    10
       Quarterstaff      |       |     7 |    45 ||    52
 Cast: Magic Dart        |    60 |    59 |    65 ||   184
       Searing Ray       |     3 |    12 |     5 ||    20
 Abil: Fly               |       |     1 |       ||     1
  Use: Scroll            |     5 |     4 |     3 ||    12
       Potion            |     1 |     5 |     5 ||    11
 Stab: Distracted        |     1 |       |       ||     1
       Sleeping          |       |     1 |       ||     1
  Eat: Chunk             |     2 |    10 |     6 ||    18
Armor: Leather armour    |       |     6 |    17 ||    23
Dodge: Dodged            |    12 |    24 |    22 ||    58
Block: Large shield      |     1 |       |       ||     1

Table legend:
 A = Non-vault XP
 B = Vault XP
 C = Vault XP percentage of total XP
 D = Non-vault monster count
 E = Vault monster count
 F = Vault count percentage of total count
                 A         B        C        D         E       F
            +---------+---------+-------+---------+---------+-------
      Total |     812 |     599 |  42.5 |      81 |      20 |  19.8
            +---------+---------+-------+---------+---------+-------
        D:1 |      40 |       0 |   0.0 |      20 |       0 |   0.0
        D:2 |      37 |      19 |  33.9 |      15 |       5 |  25.0
        D:3 |      76 |      40 |  34.5 |      16 |       1 |   5.9
        D:4 |     219 |     540 |  71.1 |      14 |      14 |  50.0
        D:5 |     440 |       0 |   0.0 |      16 |       0 |   0.0
            +---------+---------+-------+---------+---------+-------
